 Dungeon Crawl Stone Soup version 0.20-a0-830-g2c9a30d (webtiles) character file.

12 4thArraOfDagon the Magician (level 2, 0/11 HPs)
             Began as a Felid Wanderer on Mar 6, 2017.
             Slain by an adder skeleton (1 damage)
             ... on level 4 of the Dungeon.
             The game lasted 00:01:50 (380 turns).

4thArraOfDagon the Magician (Felid Wanderer)         Turns: 380, Time: 00:01:51

Health: 0/11       AC:  1    Str:  7    XL:     2   Next: 20%
Magic:  8/8        EV: 15    Int: 20    God:
Gold:   23         SH:  0    Dex: 14    Spells: 9/9 levels left
                                        Lives:  0   Deaths: 0

rFire    . . .     SeeInvis +     - Unarmed
rCold    . . .     Gourm    .   (armour unavailable)
rNeg     . . .     Faith    .   (shield unavailable)
rPois    .         Spirit   .   (helmet unavailable)
rElec    .         Reflect  .   (cloak unavailable)
rCorr    .         Harm     .   (gloves unavailable)
MR       .....                  (boots unavailable)
Stlth    ++++......             (no amulet)
Regen    0.1/turn               (no ring)
MPRegen  0.2/turn               g - ring of stealth

@: brilliant, quick
A: no armour, no weapons or thrown items, stealth, claws 1, fangs 3, see
invisible, carnivore 3, speed 1, shaggy fur 1, slow metabolism 1, sharp paws
a: no special abilities


You were on level 4 of the Dungeon.
You were very full.

You visited 1 branch of the dungeon, and saw 4 of its levels.

You collected 23 gold pieces.

Inventory:

Jewellery
 e - an uncursed ring of ice
 g - a ring of stealth (left paw)
Scrolls
 a - a scroll of blinking
 f - a scroll of identify {unknown}
 i - a scroll of enchant weapon {unknown}
Books
 b - the Volume of Air

   Spells                             Type                      Level
   a - Swiftness                      Charms/Air                   2
   b - Poisonous Vapours              Poison/Air                   2
 c - the Compendium of the Escort

   Spells                             Type                      Level
   a - Summon Small Mammal            Summoning                    1
   b - Summon Guardian Golem          Hexes/Summoning              3
Comestibles
 d - a meat ration
 h - 2 chunks of flesh
 j - 2 royal jellies


   Skills:
 + Level 0.0 Dodging
 + Level 2.6 Stealth
 * Level 1.9 Unarmed Combat
 - Level 4.0 Spellcasting
   Level 1.5 Hexes
   Level 2.4 Charms
   Level 1.5 Translocations


You had 9 spell levels left.
You didn't know any spells.

Dungeon Overview and Level Annotations

Branches:
Dungeon (4/15)
 Temple: D:4-7

Altars:


Innate Abilities, Weirdness & Mutations

You cannot wear armour.
You are incapable of wielding weapons or throwing items.
Your paws allow you to move quietly. (Stealth)
You have sharp claws.
You have razor-sharp teeth.
You have supernaturally acute eyesight. (SInv)
You are carnivorous and can eat meat at any time.
You cover ground quickly.
You are covered in fur. (AC +1)
You have a slow metabolism.
Your sharp claws are effective at attacking unaware monsters.


Message History

You scratch the adder skeleton.
The adder skeleton is severely damaged.
The adder skeleton misses you.
You barely miss the adder skeleton.
The adder skeleton is severely damaged.
The adder skeleton misses you.
You closely miss the adder skeleton.
The adder skeleton is severely damaged.
The adder skeleton bites you.
* * * LOW HITPOINT WARNING * * *
Unknown command.
You closely miss the adder skeleton.
The adder skeleton is severely damaged.
The adder skeleton bites you.
* * * LOW HITPOINT WARNING * * *
Unknown command.
You barely miss the adder skeleton.
The adder skeleton is severely damaged.
The adder skeleton bites you.
You die...

#......
.....
.....
#...#
+...+
#...#
#...#
+.@Z#
#...#
#....#
#....#
#....#
#....#
#...PP
###P.P


You could see an adder skeleton.

Vanquished Creatures
  3 goblins
  2 hobgoblins
  A bat (D:2)
  4 kobolds
  A rat (D:1)
11 creatures vanquished.

Notes
Turn   | Place    | Note
-------+----------+-------------------------------------------
     0 | D:1      | 4thArraOfDagon the Felid Wanderer began the quest for the Orb.
     0 | D:1      | 4thArraOfDagon set off with: a scroll of blinking, the Volume of Air, the Compendium of the Escort, a meat ration
     0 | D:1      | Reached XP level 1. HP: 7/7 MP: 6/6
     0 | D:1      | Identified the Volume of Air
     0 | D:1      | Identified the Compendium of the Escort
    70 | D:1      | Reached skill level 1 in Unarmed Combat
   261 | D:2      | Reached XP level 2. HP: 8/11 MP: 8/8
   380 | D:4      | Slain by an adder skeleton

Vault maps used:
D:1:      shiori_arrival_oz
D:2:      gammafunk_temple_overflow_forgotten
D:3:      first_bread, portal_sewer_entry_b
D:4:      minmay_temple_entry_purple_smoke, fedhas_altar_3

Skill      XL: |  1 |
---------------+----+-----
Unarmed Combat | 1 |  1.9
Stealth        | |  2.6
Spellcasting   | |  4.0
Hexes          | |  1.5
Charms         | |  2.4
Translocations | |  1.5

Action                   || total
-------------------------++-------
Melee: Unarmed           ||    32
       Bite              ||     1
  Use: Potion            ||     2
 Stab: Sleeping          ||     8
  Eat: Chunk             ||     5
Armor: Skin              ||     3
Dodge: Dodged            ||    19
